Unix NetHack Version 3.7.0-88 Work-in-progress - last build Aug 21 2023 04:08:40 (b68ccb3e4f8f5dcb83e1e40b1ff56e7dffd4cd28,branch:master). Game began 2023-08-27 14:32:55, ended 2023-08-27 16:03:07. Arasaka, neutral female human Monk ---------- |........| |<.......-@g |........|## -.. --+------- Arasaka the Initiate St:16 Dx:13 Co:12 In:12 Wi:16 Ch:11 Neutral Dlvl:9 $:367 HP:0(52) Pw:67(67) AC:0 Xp:8/2043 T:4794 Latest messages: You feel a bit steadier now. You are now most skilled in hammer. The massive hammer hits! Lightning strikes the gnomish wizard! The gnomish wizard points at you, then curses. The massive hammer hits! Lightning strikes the gnomish wizard! The massive hammer hits! Lightning strikes the gnomish wizard! You kill the gnomish wizard! There is a doorway here. You see here a gnomish wizard corpse. There is a staircase down here. You see here a whistle called tin. Where do you want to travel to? (For instructions type a '?') You descend the stairs. You sense the presence of monsters. (For instructions type a '?') You climb up the stairs. There is a staircase down to level 9 here. You see here a whistle called tin. Where do you want to travel to? (For instructions type a '?') With great effort you move the boulder. You try to move the boulder, but in vain. You try to move the boulder, but in vain. The massive hammer hits! Lightning strikes the gecko! You kill the gecko! You see here a statue of a plains centaur. Where do you want to travel to? (For instructions type a '?') You descend the stairs. You hear a door open. That door is closed. That door is closed. The door opens. The gargoyle hits! The gargoyle misses! The gargoyle misses! You miss the gargoyle. The gargoyle hits! The gargoyle hits again! The gargoyle misses! The massive hammer hits! Lightning strikes the gargoyle! The gargoyle hits! The gargoyle hits again! The gargoyle bites! The massive hammer hits! Lightning strikes the gargoyle! The gargoyle hits! The gargoyle hits again! The gargoyle bites! You die... Inventory: Coins ('$') $ - 367 gold pieces Amulets ('"') R - the blessed Eye of the Aethiopica (being worn) Weapons (')') p - an uncursed +0 orcish dagger x - the uncursed rustproof +0 Mjollnir (weapon in hand) Armor ('[') w - a blessed +1 orcish helm (being worn) a - an uncursed +2 pair of leather gloves (being worn) D - a blessed +0 pair of iron shoes (being worn) b - an uncursed +1 robe (being worn) Comestibles ('%') B - 2 uncursed food rations Y - 4 uncursed food rations f - 2 uncursed tripe rations t - an uncursed lizard corpse named tricebane Potions ('!') i - a potion of holy water Wands ('/') j - an uncursed wand of light (0:13) A - an uncursed wand of make invisible (0:4) H - an uncursed wand of speed monster (0:5) Tools ('(') O - an uncursed leather drum C - an uncursed blindfold Z - a blessed oil lamp z - a cursed oil lamp g - an uncursed tin whistle s - an uncursed +0 unicorn horn Gems/Stones ('*') I - a blessed luckstone Arasaka the Monk's attributes: Background: You were an Initiate, a level 8 female human Monk. You were neutral, on a mission for Chih Sung-tzu who was opposed by Shan Lai Ching (lawful) and Huan Ti (chaotic). You were in the Dungeons of Doom, on level 9. You entered the dungeon 4794 turns ago. You had 2043 experience points, 517 more were needed to attain level 9. Basics: You had 0 out of 52 hit points. You had all 67 energy points (spell power). Your armor class was 0. Your wallet contained 367 zorkmids. Autopickup was on for '$"?' plus thrown, with exceptions. Final Characteristics: Your strength was 16 (limit:18/100). Your dexterity was 13 (limit:18). Your constitution was 12 (limit:18). Your intelligence was 12 (limit:18). Your wisdom was 16 (limit:18). Your charisma was 11 (limit:18). Final Status: You were not hungry. You were unencumbered. You were wielding a hammer. You had basic skill with hammer. Final Attributes: You were piously aligned. You were magic-protected. You were sleep resistant. You were poison resistant. You saw invisible. You were telepathic. You were warned. You were stealthy. You were guarded. You took half spell damage. You were fast. You were very lucky. You had extra luck. Good luck did not time out for you. You are dead. Miscellaneous: You disabled loading of bones levels. Total elapsed playing time was 1 hour, 1 minute and 49 seconds. Major events: Turn 1: Arasaka the neutral female human Monk entered the dungeon 599: entered the Gnomish Mines 1000: attained the rank of Novice (level 3) 1531: attained the rank of Initiate (level 6) 1615: reached Mine Town 2812: made her first wish - "the blessed the eye of the aethiopica", got "a concave amulet named the Eye of the Aethiopica" 4293: was bestowed with Mjollnir by Chih Sung-tzu 4794: killed by a gargoyle Vanquished creatures: a small mimic a dwarf ruler a giant beetle 3 wolves an iron piercer an ogre a werewolf 2 lizards a dingo a white unicorn a raven 2 snakes 2 Woodland-elves a fire ant 2 bugbears a water nymph 3 Mordor orcs a rock mole 9 gnome leaders 4 gnomish wizards a kobold mummy a gray ooze 2 straw golems a floating eye 7 dwarves a kobold leader 10 hill orcs 9 rothes a monkey 3 iguanas 11 killer bees an acid blob 2 coyotes a gas spore 2 hobbits 3 large kobolds 2 hobgoblins a yellow mold 42 gnomes 5 geckos 6 jackals a fox 4 kobolds 2 goblins a sewer rat 4 lichens 2 kobold zombies 3 newts 168 creatures vanquished. No species were genocided or became extinct. Voluntary challenges: You read items or engraved 12 times. You engraved Elbereth 1 time. You never genocided any monsters. You never polymorphed an object. You never changed form. You used 1 wish (for an artifact). Achievements: You entered the Gnomish Mines. You attained the rank of Novice. You attained the rank of Initiate. You entered Minetown. You entered a shop. You entered a temple. The Dungeons of Doom: levels 1 to 9 Level 1: Level 2: A sink. Level 3: A fountain. Stairs down to The Gnomish Mines. Level 4: A fountain, a sink. Level 5: Level 6: Some altars, some fountains. Level 7: "s" An altar to Chih Sung-tzu, a sink. Level 8: Level 9: <- You were here. Final resting place for you, killed by a gargoyle. The Gnomish Mines: levels 4 to 8 Level 4: Level 5: Level 6: "book" Some shops, a temple to Chih Sung-tzu, some fountains. Level 7: Level 8: Game over: ---------- / \ / REST \ / IN \ / PEACE \ / \ | Arasaka | | 367 Au | | killed by a | | gargoyle | | | | | | 2023 | *| * * * | * _________)/\\_//(\/(/\)/\//\/|_)_______ Goodbye Arasaka the Monk... You died in The Dungeons of Doom on dungeon level 9 with 8913 points, and 367 pieces of gold, after 4794 moves. You were level 8 with a maximum of 52 hit points when you died.